 Dungeon Crawl Stone Soup version 0.20-a0-1050-g57248f3 (webtiles) character file.

240 Cerepol the Insei (level 6, -4/42 HPs)
             Began as an Octopode Monk on Apr 25, 2017.
             Killed from afar by an orc wizard (7 damage)
             ... with a magic dart
             ... on level 4 of the Dungeon on Apr 26, 2017.
             The game lasted 00:03:37 (2576 turns).

Cerepol the Insei (Octopode Monk)                   Turns: 2576, Time: 00:03:37

Health: -4/42      AC:  1    Str: 13    XL:     6   Next: 8%
Magic:  6/6        EV: 14    Int: 12    God:
Gold:   67         SH:  0    Dex: 14    Spells: 5/5 levels left

rFire    x . .     SeeInvis .     - Unarmed
rCold    + . .     Gourm    .   (no shield)
rNeg     . . .     Faith    .   (helmet restricted)
rPois    .         Spirit   .   (no amulet)
rElec    .         Reflect  .   m - ring of ice
rCorr    .         Harm     .   (no ring)
MR       .....                  (no ring)
Stlth    +++.......             (no ring)
Regen    0.2/turn               (no ring)
MPRegen  0.1/turn               (no ring)
                                (no ring)
                                (no ring)

@: no status effects
A: almost no armour, stealthy swim, amphibious, 8 rings, constrict 8, camouflage
1, gelatinous body 1
a: no special abilities


You were on level 4 of the Dungeon.
You were not hungry.

You visited 1 branch of the dungeon, and saw 4 of its levels.

You collected 67 gold pieces.

Inventory:

Jewellery
 m - a ring of ice (left tentacle)
Scrolls
 c - 2 scrolls of teleportation
 e - 3 scrolls of remove curse
 i - 2 scrolls of fear {unknown}
 k - 2 scrolls of blinking {unknown}
 n - a scroll of magic mapping {unknown}
 q - a scroll of identify
 r - a scroll of immolation {unknown}
 t - a scroll of amnesia {unknown}
Potions
 b - 2 potions of might {unknown}
 d - a potion of degeneration {unknown}
 h - a potion of ambrosia {unknown}
 j - a potion of brilliance
 o - a potion of heal wounds {unknown}
 p - a potion of curing {unknown}
 s - a potion of resistance {unknown}
Comestibles
 a - 3 bread rations
 f - 2 chunks of flesh
 g - 2 meat rations
 l - 3 fruits


   Skills:
 - Level 3.0 Fighting
 - Level 3.0 Dodging
 + Level 3.0 Stealth
 * Level 6.5 Unarmed Combat


You had 5 spell levels left.
You didn't know any spells.

Dungeon Overview and Level Annotations

Branches:
Dungeon (4/15)
 Temple: D:4-7

Altars:
Xom

Shops:
D:4 [


Innate Abilities, Weirdness & Mutations

You cannot wear most types of armour.
You are very stealthy in the water. (Stealth+)
You are amphibious.
You can wear up to eight rings at the same time.
You can use your tentacles to constrict eight enemies at once.
Your skin changes colour to match your surroundings (Stealth+).
Your rubbery body absorbs attacks. (AC +1, EV +1)


Message History

The orc wizard misses you.
You tentacle-slap the orc wizard. Your grab misses the orc wizard.
The orc wizard is lightly wounded.
Something hits you. The orc wizard hits you with a dagger.
You tentacle-slap the orc wizard but do no damage.
Your grab misses the orc wizard.
The orc wizard is lightly wounded.
The orc hits you with a war axe!
* * * LOW HITPOINT WARNING * * *
Something hits you.
* * * LOW HITPOINT WARNING * * *
The orc wizard barely misses you.
An orc wizard comes into view. It is wielding a dagger.
The orc wizard gestures wildly while chanting.
The orc wizard blinks!
Something hits you but does no damage. Something hits you.
* * * LOW HITPOINT WARNING * * *
The orc wizard gestures at you while chanting.
The magic dart hits you!
You die...

........#### #..# ###
#{........ #<.# ##..
#...... #..# ##... #....#
#..# ##...# #...# #..#
##...## #..## #..###..###
..##..## ###.......#
..###..##
########........## #.#
##..## #..@..........).#
#.# ##..##
##o.#####........# #.#
##..## #o{####..........##
#.#
##..###.o###............#
#.##
##...o[(..#............##
#..##
#..ยง###................###
....######...#
##..................
####....#...##
##..........(....... #
####.....#
##.(.................


You could see 2 orc wizards and 2 orcs.

Vanquished Creatures
  A howler monkey (D:4)
  A hound (D:4)
  Terence (D:2)
  Natasha (D:3)
  A gnoll (D:1)
  4 adders (D:2)
  A worm (D:4)
  3 dart slugs
  4 leopard geckos
  3 orcs
  2 giant cockroaches
  6 goblins
  8 hobgoblins
  2 jackals (D:3)
  4 kobolds
  4 quokkas (D:2)
  3 ball pythons
  4 bats
  5 frilled lizards
  4 rats
62 creatures vanquished.

Notes
Turn   | Place    | Note
-------+----------+-------------------------------------------
     0 | D:1      | Cerepol the Octopode Monk began the quest for the Orb.
     0 | D:1      | Reached XP level 1. HP: 16/16 MP: 1/1
   113 | D:1      | Reached XP level 2. HP: 16/21 MP: 2/2
   167 | D:1      | Reached skill level 4 in Unarmed Combat
   230 | D:1      | Reached XP level 3. HP: 26/26 MP: 3/3
   979 | D:2      | Reached XP level 4. HP: 31/31 MP: 4/4
   994 | D:2      | Noticed Terence
  1009 | D:2      | Killed Terence
  1009 | D:2      | Reached skill level 5 in Unarmed Combat
  1327 | D:2      | Reached XP level 5. HP: 30/36 MP: 5/5
  1510 | D:2      | Found a shimmering altar of Xom.
  1708 | D:3      | Noticed Natasha
  1713 | D:3      | Killed Natasha
  2240 | D:4      | Reached skill level 6 in Unarmed Combat
  2276 | D:4      | Reached XP level 6. HP: 34/42 MP: 6/6
  2284 | D:4      | Found Leacrizi's Antique Armour Emporium.
  2576 | D:4      | Killed from afar by an orc wizard

Vault maps used:
D:1:      dpeg_arrival_refuge, minmay_misc_feat_room, kennysheep_boxes
D:2:      lemuel_coloured_pillars_altar, minmay_misc_feat_plants, uniq_terence
D:3:      uniq_natasha
D:4:      minmay_temple_entry_mist, serial_shops, nicolae_shop_window_shopping,
          grunt_decor_mini_mirrors

Skill      XL: |  1  2  3  4  5 |
---------------+----------------+-----
Unarmed Combat | 4 5 6 |  6.5
Stealth        | 3 |  3.0
Fighting       | |  3.0
Dodging        | |  3.0

Action                   |  1- 3 |  4- 6 || total
-------------------------+-------+-------++-------
Melee: Unarmed           |    44 |    83 ||   127
       Constrict         |    12 |    16 ||    28
       Punch             |     2 |     2 ||     4
       Tentacles         |     5 |    15 ||    20
  Use: Scroll            |       |     3 ||     3
 Stab: Sleeping          |     9 |     8 ||    17
  Eat: Chunk             |       |     5 ||     5
Armor: Skin              |     6 |     2 ||     8
Dodge: Dodged            |    20 |    43 ||    63
